 Dungeon Crawl Stone Soup version 0.23-a0-29-g1be82e5 (webtiles) character file.

95 Amnesiac the Gusty (level 4, -1/30 HPs)
             Began as a Mummy Air Elementalist on Aug 3, 2018.
             Slain by Duvessa
             ... wielding a +0 rapier
              (9 damage)
             ... on level 4 of the Dungeon.
             The game lasted 00:03:12 (1429 turns).

Amnesiac the Gusty (Mummy Air Elementalist)         Turns: 1429, Time: 00:03:14

Health: -1/30      AC:  2    Str: 11    XL:     4   Next: 39%
Magic:  6/9        EV: 12    Int: 17    God:
Gold:   93         SH:  0    Dex: 12    Spells: 3/10 levels left

rFire    x . .     SeeInvis .   a - +2 mace (protect)
rCold    + . .     Gourm    .   (no shield)
rNeg     + + +     Faith    .   k - +0 robe
rPois    ∞         Spirit   .   (no helmet)
rElec    .         Reflect  .   (no cloak)
rCorr    .         Harm     .   (no gloves)
MR       .....                  (no boots)
Stlth    ++........             (no amulet)
HPRegen  0.10/turn              f - +2 ring of intelligence (curse)
MPRegen  0.11/turn              (no ring)

@: no status effects
A: no food or potions, fire vulnerability, cold resistance 1, negative energy
resistance 3, torment resistance, unbreathing
a: no special abilities


You were on level 4 of the Dungeon.
You were not hungry.

You visited 1 branch of the dungeon, and saw 4 of its levels.

You collected 93 gold pieces.

Inventory:

Hand Weapons
 a - a +2 mace of protection (weapon)
 b - a +0 blowgun
Missiles
 j - 15 poisoned needles
Armour
 k - a +0 robe (worn)
Jewellery
 f - a cursed +2 ring of intelligence (left hand)
Wands
 d - a wand of iceblast (10)
Scrolls
 c - a scroll of remove curse {!r, unknown}
 e - a scroll of fog {!r, unknown}
 g - a scroll of amnesia {!r, unknown}
 h - 3 scrolls of identify {!r, unknown}
 i - a scroll of teleportation {!r, unknown}
 l - a scroll of immolation {!r, unknown}


   Skills:
 - Level 1.5 Dodging
 - Level 1.5 Stealth
 + Level 3.8 Spellcasting
 - Level 0.7 Conjurations
 * Level 3.9 Air Magic


You had 3 spell levels left.
You knew the following spells:

 Your Spells              Type           Power        Failure   Level  Hunger
a - Shock                 Conj/Air       ##..         6%          1    N/A
d - Airstrike             Air            ###.......   32%         4    N/A
z - Swiftness             Chrm/Air       #.......     11%         2    N/A

Your spell library contained the following spells:

 Spells                   Type           Power        Failure   Level  Hunger
 Lightning Bolt           Conj/Air       ##........   86%         5    N/A
 Static Discharge         Conj/Air       ##......     19%         3    N/A

Dungeon Overview and Level Annotations

Branches:
Dungeon (4/15)
 Temple: D:4-7

Altars:
Makhleb
Zin

Annotations:
D:4 Duvessa


Innate Abilities, Weirdness & Mutations

You do not eat or drink.
Your flesh is vulnerable to fire.
You are immune to poison.
Your flesh is cold resistant. (rC+)
You are immune to negative energy. (rN+++)
You are immune to unholy pain and torment.
You can survive without breathing.


Message History

Confirm with . or Enter, or press ? or * to list all spells.
Aiming: Shock (safe; 6% risk of failure)
Press: ? - help, Shift-Dir - straight line, f - frilled lizard
Aim: a frilled lizard (resting)
The zap hits the frilled lizard.
You kill the frilled lizard!
Casting: Shock (safe; 6% risk of failure)
Confirm with . or Enter, or press ? or * to list all spells.
You can't see any susceptible monsters within range! (Use Z to cast anyway.)
Casting: Shock (safe; 6% risk of failure)
Confirm with . or Enter, or press ? or * to list all spells.
You can't see any susceptible monsters within range! (Use Z to cast anyway.)
Found an emerald potion.
Found a glowing silver altar of Zin.
Found a great sword.
Duvessa, Sister of Dowan comes into view.
She is wielding a rapier.
Duvessa is nearby!
Casting: Shock (safe; 6% risk of failure)
Confirm with . or Enter, or press ? or * to list all spells.
Aiming: Shock (safe; 6% risk of failure)
Press: ? - help, Shift-Dir - straight line, f - Duvessa
Aim: Duvessa, wielding a rapier and wearing a leather armour (resting)
The zap hits Duvessa.
Duvessa is lightly wounded.
Duvessa is nearby!
Casting: Shock (safe; 6% risk of failure)
Confirm with . or Enter, or press ? or * to list all spells.
Aiming: Shock (safe; 6% risk of failure)
Press: ? - help, Shift-Dir - straight line, f/p - Duvessa
Aim: Duvessa, wielding a rapier and wearing a leather armour (lightly wounded)
The zap hits Duvessa.
Duvessa is lightly wounded.
The zap hits Duvessa.
Duvessa is moderately wounded.
Unknown command.
Duvessa says, "My weaknesses are his strengths!"
Casting: Shock (safe; 6% risk of failure)
Confirm with . or Enter, or press ? or * to list all spells.
Aiming: Shock (safe; 6% risk of failure)
Press: ? - help, Shift-Dir - straight line, p - Duvessa The zap hits Duvessa.
Duvessa appears unharmed.
Duvessa is moderately wounded.
The zap hits Duvessa.
Duvessa is moderately wounded.
Duvessa hits you with a rapier!
Casting: Shock (safe; 6% risk of failure)
Confirm with . or Enter, or press ? or * to list all spells.
Aiming: Shock (safe; 6% risk of failure)
Press: ? - help, Shift-Dir - straight line The zap hits Duvessa.
Duvessa is heavily wounded.
The zap misses Duvessa.
Duvessa hits you with a rapier!
* * * LOW HITPOINT WARNING * * *
Unknown command.
Casting: Shock (safe; 6% risk of failure)
Confirm with . or Enter, or press ? or * to list all spells.
Aiming: Shock (safe; 6% risk of failure)
Press: ? - help, Shift-Dir - straight line The zap hits Duvessa.
Duvessa is heavily wounded.
The zap hits Duvessa.
Duvessa appears unharmed.
Duvessa is heavily wounded.
Duvessa hits you with a rapier!
You die...

#..# ##.## #..# ##.## #.##..#
#..# #..#..# ##.########
#####.....#
#..#......########...#)....#
###.##.........e.............##
#....#......####@####.##......##
..#.........##.....##..#.......##
####........#.......#............
# ##.......#.......#.#####..####
##.........._.....####.###
#......#.......#.##..##
##.....#.......#.#..##
#.....##.....##...##
#.....####.####..##


You could see Duvessa.

Vanquished Creatures
  A hound (D:4)
  A centaur skeleton (D:4)
  2 adders (D:4)
  An orc (D:3)
  A bat (D:3)
  A giant cockroach (D:3)
  2 goblins
  2 hobgoblins (D:1)
  2 frilled lizards
  3 kobolds
  3 rats
19 creatures vanquished.

Notes
Turn   | Place    | Note
-------+----------+-------------------------------------------
     0 | D:1      | Amnesiac the Mummy Air Elementalist began the quest for the Orb.
     0 | D:1      | Reached XP level 1. HP: 13/13 MP: 4/4
   683 | D:2      | Reached XP level 2. HP: 18/19 MP: 2/5
   688 | D:2      | Learned a level 2 spell: Swiftness
   895 | D:4      | Reached XP level 3. HP: 13/24 MP: 7/7
   984 | D:4      | Found a burning altar of Makhleb.
  1000 | D:4      | Reached XP level 4. HP: 21/30 MP: 0/9
  1010 | D:4      | Learned a level 4 spell: Airstrike
  1376 | D:4      | Found a glowing silver altar of Zin.
  1399 | D:4      | Noticed Duvessa
  1429 | D:4      | Slain by Duvessa

Vault maps used:
D:1:      elethiomel_arrival_diamonds, minmay_misc_feat_enclosed,
          grunt_decor_mini_mirrors
D:3:      serial_corexii_hall, corexii_hall_statues_l, corexii_hall_statues_t,
          corexii_hall_statues_i, corexii_hall_statues_s, ashenzari_altar_1,
          uniq_robin
D:4:      old_standard_altar, first_ration, minivault_23,
          makhleb_heckhound_becter, uniq_duvessa

Skill      XL: |  1  2 |
---------------+-------+-----
Air Magic      | 3 |  3.9
Spellcasting   | 3 |  3.8
Dodging        | |  1.5
Stealth        | |  1.5
Conjurations   | |  0.7

Action                   |  1- 3 |  4- 6 || total
-------------------------+-------+-------++-------
Melee: Whip              |    14 |       ||    14
       Mace              |    13 |    16 ||    29
 Cast: Shock             |    25 |    12 ||    37
 Stab: Sleeping          |       |     1 ||     1
Armor: Robe              |    13 |     6 ||    19
Dodge: Dodged            |    40 |    21 ||    61

Table legend:
 A = Spawn XP
 B = Non-spawn XP
 C = Spawn XP percentage of total XP
 D = Spawn monster count
 E = Non-spawn monster count
 F = Spawn count percentage of total count
 G = Total turns spent on level
                    A         B        C        D         E        F      G
               +---------+---------+-------+---------+---------+-------+---------
         Total |       0 |     136 |   0.0 |       0 |      19 |   0.0 |  1429
               +---------+---------+-------+---------+---------+-------+---------
           D:1 |       0 |      10 |   0.0 |       0 |       7 |   0.0 |   675
           D:2 |       0 |       2 |   0.0 |       0 |       1 |   0.0 |    60
           D:3 |       0 |      11 |   0.0 |       0 |       6 |   0.0 |   141
           D:4 |       0 |     113 |   0.0 |       0 |       5 |   0.0 |   553
               +---------+---------+-------+---------+---------+-------+---------
